 Dungeon Crawl Stone Soup version 0.20-a0-309-gcba9277 (webtiles) character file.

120144 snakesoul the Executioner (level 16, -27/155 HPs)
             Began as a Minotaur Berserker on Dec 17, 2016.
             Was the Champion of Trog.
             Annihilated by a four-headed hydra simulacrum (38 damage)
             ... in an ice cave on Dec 18, 2016.
             The game lasted 01:02:45 (27685 turns).

snakesoul the Executioner (Minotaur Berserker)     Turns: 27685, Time: 01:02:46

Health: -27/155    AC: 30    Str: 27    XL:     16   Next: 29%
Magic:  5/5        EV:  9    Int:  4    God:    Trog [******]
Gold:   1936       SH:  0    Dex: 18    Spells: 15/15 levels left

rFire  . . .     SeeInvis +     J - +5 executioner's axe (antimagic)
rCold  . . .     Gourm    .     U - +8 plate armour of Beyond {rPois MR+}
rNeg   . . .     Faith    .     (shield currently unavailable)
rPois  +         Spirit   .     g - +1 hat {SInv}
rElec  .         Reflect  .     o - +2 cloak {MR+}
rCorr  .         Harm     .     N - +2 pair of gloves
MR     +++..                    h - +0 pair of boots {run}
Stlth  ..........               A - amulet of magic regeneration
                                G - ring of see invisible
                                S - ring of Furufiuc {+Fly Str+3 Dex+3}

@: quick
A: retaliatory headbutt, horns 2, talons 1, deformed body, screaming 1
a: Berserk, Trog's Hand, Brothers in Arms, Burn Spellbooks, Renounce Religion,
Evoke Flight


You were in an ice cave.
You worshipped Trog.
Trog was exalted by your worship.
You were hungry.

You visited 4 branches of the dungeon, and saw 25 of its levels.
You also visited: Ossuary, Bailey and Ice Cave.

You collected 2529 gold pieces.
You spent 593 gold pieces at shops.

Inventory:

Hand Weapons
 v - the +7 morningstar of Disintegration {crush, MR+}
   (You found it on level 3 of the Lair of Beasts)

   It inflicts extra damage upon your enemies.
   It affects your resistance to hostile enchantments.
 x - the +1 battleaxe of Qizasa Heirgh {venom, +Blink Int+2}
   (Trog gifted it to you on level 4 of the Lair of Beasts)

   It poisons the flesh of those it strikes.
   It affects your intelligence (+2).
   It lets you blink.
 D - the +8 battleaxe of Rischoroff {drain, Int+5}
   (Trog gifted it to you on level 15 of the Dungeon)

   A truly terrible weapon, it drains the life of those it strikes.
   It affects your intelligence (+5).
 J - a +5 antimagic executioner's axe (weapon)
 T - a +2 battleaxe of freezing
Missiles
 K - 2 tomahawks of returning (quivered)
 Y - 2 javelins of penetration
Armour
 g - a +1 hat of see invisible (worn)
 h - a +0 pair of boots of running (worn)
 m - a +2 crystal plate armour
 o - a +2 cloak of magic resistance (worn)
 N - a +2 pair of gloves (worn)
 U - the +8 plate armour of Beyond (worn) {rPois MR+}
   (You found it on level 10 of the Dungeon)

   It protects you from poison.
   It affects your resistance to hostile enchantments.
Jewellery
 A - an amulet of magic regeneration (around neck)
 G - a ring of see invisible (right hand)
 I - an uncursed ring of positive energy
 S - the ring of Furufiuc (left hand) {+Fly Str+3 Dex+3}
   (You bought it in a shop on level 10 of the Dungeon)

   [ring of flight]

   It affects your strength (+3).
   It affects your dexterity (+3).
   It lets you fly.
Wands
 b - a wand of digging (10/24)
 L - a wand of digging (12/24)
 Q - a wand of teleportation (1/9)
Scrolls
 a - 7 scrolls of recharging
 i - 9 scrolls of teleportation
 k - 16 scrolls of remove curse
 r - 3 scrolls of fog
 s - 4 scrolls of enchant weapon
 u - 2 scrolls of identify
 y - a scroll of brand weapon
 F - a scroll of fear
 H - 5 scrolls of magic mapping
 V - 2 scrolls of silence
Potions
 e - 3 potions of flight
 j - 4 potions of magic
 n - 4 potions of might
 p - 2 potions of resistance
 t - 11 potions of curing
 z - 2 potions of heal wounds
 B - 2 potions of cancellation
 M - a potion of brilliance
 O - 4 potions of haste
 W - 2 potions of agility
Comestibles
 c - 9 bread rations
 f - 5 beef jerkies
 l - 10 meat rations
 q - 14 fruits
 w - 22 royal jellies
 E - 5 slices of pizza


   Skills:
 + Level 17.1 Fighting
 + Level 21.4 Axes
 * Level 10.1 Throwing
 + Level 15.9 Armour
 - Level 2.1 Dodging


You had 15 spell levels left.
You didn't know any spells.

Dungeon Overview and Level Annotations

Branches:
Dungeon (15/15)            Temple (0/1) D:6            Lair (6/6) D:8
 Shoals (0/4) Lair:2       Spider (2/4) Lair:2        Slime (0/5) Lair:6
    Orc (2/2) D:11            Elf (0/3) Orc:2        Vaults (0/5) D:14
 Depths (0/5) D:15

Altars:
Dithmenos
Makhleb
Nemelex Xobeh
Okawaru
Uskayaw
Vehumet
Zin
Beogh
Jiyva

Shops:
D:4 (   D:10 =   Orc:2 }[(:

Portals:
Hell: Lair:6

Annotations:
Orc:2 Saint Roka


Innate Abilities, Weirdness & Mutations

You reflexively headbutt those who attack you in melee.
You have a pair of horns on your head.
You have sharp toenails.
Armour fits poorly on your strangely shaped body.
You occasionally shout uncontrollably at your foes.


Message History

The five-headed hydra simulacrum bites you but does no damage.
The five-headed hydra simulacrum barely misses you.
The five-headed hydra simulacrum bites you.
The five-headed hydra simulacrum freezes you!!
The five-headed hydra simulacrum bites you but does no damage.
You chop one of the five-headed hydra simulacrum's heads off!
You slash the four-headed hydra simulacrum!
The four-headed hydra simulacrum is heavily damaged.
The four-headed hydra simulacrum bites you.
The four-headed hydra simulacrum freezes you!!
* * * LOW HITPOINT WARNING * * *
The four-headed hydra simulacrum bites you.
* * * LOW HITPOINT WARNING * * *
The four-headed hydra simulacrum freezes you!!
* * * LOW HITPOINT WARNING * * *
The four-headed hydra simulacrum bites you but does no damage.
The four-headed hydra simulacrum bites you.
* * * LOW HITPOINT WARNING * * *
The four-headed hydra simulacrum freezes you!!!
You die...

##...##≈ .##
#.###≈## Z.Z#
#..###≈≈ Z454##
##..#### #....#
###...# #ZZZ.##
#..### #5..## ##...#
#########..# ###..
###....##@Z5## #..#
###...#....#### ##..
###....####### ###.
##...#### ####
###... ###...##
###..######..###
.....##
###..#...#....##
#.....##
#..#####...####
###....##########..#
####.#/## #
###...##...##...#.#
##.#.#


You could see a white imp and a four-headed hydra simulacrum.

Vanquished Creatures
  Gastronok (Lair:2)
  Kirke (Lair:6)
  Frances (D:12)
  Nessos (D:14)
  Snorg (Lair:5)
  The ghost of Gorice the Nimble, a journeyman KoAM of Okawaru (D:12)
  2 ogre magi
  10 hydras
  A rakshasa (D:14)
  7 centaur warriors
  11 two-headed ogres
  A vampire mage (D:15)
  2 orc high priests (Orc:2)
  A sun demon (Lair:6)
  Nergalle (Orc:1)
  2 skeletal warriors (D:15)
  A death drake (shapeshifter) (D:14)
  3 unseen horrors
  2 wizards
  8 wolf spiders
  A necromancer (D:15)
  8 orb spiders
  A deep elf archer (D:11)
  6 orc knights
  2 cyclopes (D:14)
  A manticore (D:15)
  3 deep elf magi
  4 orc sorcerers
  9 ugly things (D:14)
  An elf zombie (D:15)
  2 guardian serpents (D:14)
  A smoke demon (Lair:6)
  3 black mambas
  An ice statue (IceCv)
  11 spiny frogs
  2 gargoyles
  3 orange demons (Lair:6)
  A torpor snail (Lair:4)
  A rime drake (shapeshifter) (D:12)
  3 yaktaurs (D:14)
  A kobold demonologist (D:14)
  A redback zombie (D:15)
  3 demonic crawlers
  An efreet (D:14)
  7 komodo dragons
  9 rime drakes
  8 ice devils
  A yaktaur skeleton (D:15)
  A red devil (Lair:6)
  A spriggan skeleton (D:15)
  8 jumping spiders
  3 hornets
  2 trolls
  A queen bee (Lair:1)
  Prince Ribbit (D:8)
  8 blink frogs
  6 dream sheep (Lair:6)
  6 slime creatures
  23 hippogriffs
  The ghost of Gorice the Bolt Thrower, an amateur KoAM (D:3)
  15 tarantellas
  A yak (shapeshifter) (D:14)
  16 redbacks
  A fire dragon skeleton (D:15)
  A vampire (D:13)
  A dire elephant simulacrum (IceCv)
  A wraith (D:13)
  3 shadows
  29 yaks
  8 wyverns
  11 basilisks
  4 hogs (Lair:6)
  12 vampire mosquitoes (D:15)
  A hungry ghost (D:10)
  4 harpy simulacra (IceCv)
  An acid dragon (D:8)
  3 iron troll simulacra (IceCv)
  5 wargs
  3 hydra simulacra (IceCv)
  2 soldier ants
  20 water moccasins
  4 hell hounds (Lair:6)
  9 porcupines
  43 orc warriors
  An eye of draining (D:14)
  4 ice beasts
  6 phantoms
  4 sky beasts
  2 ettin simulacra (IceCv)
  5 black bears
  3 wolves (D:8)
  23 ogres
  17 centaurs
  10 crocodiles
  7 big kobolds
  18 bullfrogs
  2 wyvern zombies
  A water moccasin skeleton (D:8)
  9 scorpions
  An elephant simulacrum (IceCv)
  A troll zombie (D:11)
  33 killer bees
  2 howler monkeys
  15 wights
  9 crimson imps
  3 bullfrog zombies
  2 centaur zombies
  A quasit (D:12)
  A human zombie (Ossuary)
  4 jellies
  8 hounds
  24 orc priests
  6 centaur skeletons
  2 gnoll shamans
  28 orc wizards
  Jessica (D:2)
  Terence (D:2)
  3 iguanas
  2 spriggan simulacra (IceCv)
  4 troll simulacra (IceCv)
  11 worker ants
  2 polar bear simulacra (IceCv)
  5 ogre zombies (D:11)
  3 centaur simulacra (IceCv)
  3 mummies (Ossuary)
  A worker ant zombie (D:7)
  2 howler monkey skeletons (D:6)
  23 gnolls
  2 naga simulacra (IceCv)
  12 adders
  8 white imps (IceCv)
  5 ufetubi (IceCv)
  An ooze (D:1)
  An adder skeleton (D:6)
  8 worms
  A dart slug (D:2)
  4 leopard geckos
  104 orcs
  8 bats
  8 giant cockroaches
  3 gnoll zombies (Ossuary)
  17 goblins
  17 hobgoblins
  5 jackals
  2 quokkas
  A ball python (D:8)
  7 frilled lizards
  A giant cockroach zombie (D:6)
  A goblin skeleton (D:11)
  5 goblin zombies
  3 hobgoblin skeletons (D:11)
  2 jackal skeletons
  20 kobolds
  A kobold zombie (Ossuary)
  2 orc skeletons (D:11)
  11 orc zombies (D:11)
  3 quokka skeletons
  14 rats
  12 plants
1014 creatures vanquished.

Vanquished Creatures (others)
  A jumping spider (Spider:2)
  10 fungi
  3 plants (Lair:1)
14 creatures vanquished.

Grand Total: 1028 creatures vanquished

Notes
Turn   | Place    | Note
-------+----------+-------------------------------------------
     0 | D:1      | snakesoul the Minotaur Berserker began the quest for the Orb.
     0 | D:1      | Reached XP level 1. HP: 19/19 MP: 0/0
   256 | D:1      | Reached skill level 4 in Axes
   276 | D:1      | Reached XP level 2. HP: 16/27 MP: 1/1
   675 | D:2      | Noticed Terence
   682 | D:2      | Killed Terence
   682 | D:2      | Reached skill level 5 in Axes
   682 | D:2      | Reached XP level 3. HP: 33/33 MP: 2/2
   691 | D:2      | Reached ** piety under Trog
   765 | D:2      | Reached XP level 4. HP: 32/41 MP: 3/3
   905 | D:2      | Noticed Jessica
   910 | D:2      | Killed Jessica
   934 | D:2      | Reached skill level 6 in Axes
   936 | D:2      | Reached XP level 5. HP: 23/47 MP: 4/4
  1437 | D:2      | Reached skill level 5 in Fighting
  1574 | D:3      | Reached *** piety under Trog
  1831 | D:3      | Noticed Gorice's ghost (amateur KoAM)
  1837 | D:3      | Killed Gorice's ghost
  1837 | D:3      | Reached skill level 7 in Axes
  1837 | D:3      | Reached XP level 6. HP: 56/56 MP: 5/5
  2190 | D:3      | Found a sparkling altar of Nemelex Xobeh.
  2490 | D:4      | HP: 2/56 [ogre/giant club (15)]
  2491 | D:4      | Reached skill level 8 in Axes
  2801 | D:4      | Reached XP level 7. HP: 63/63 MP: 6/6
  2949 | D:4      | Reached **** piety under Trog
  3393 | D:4      | Found Soungu's Weapon Shop.
  3557 | D:5      | Entered Level 5 of the Dungeon
  3612 | D:5      | Reached skill level 9 in Axes
  3697 | D:5      | Found a sand-covered staircase.
  3706 | Ossuary  | Entered an ossuary
  4058 | Ossuary  | Reached XP level 8. HP: 67/73 MP: 7/7
  4091 | D:5      | Reached skill level 10 in Axes
  4167 | D:5      | Found a glowing silver altar of Zin.
  4679 | D:6      | Reached skill level 11 in Axes
  4683 | D:6      | Found a staircase to the Ecumenical Temple.
  5037 | D:6      | Got a jewelled hand axe
  5038 | D:6      | Identified the +9 hand axe of Saan {speed, rPois} (You found it on level 6 of the Dungeon)
  5312 | D:6      | Reached XP level 9. HP: 72/82 MP: 8/8
  5331 | D:6      | Reached skill level 5 in Armour
  5913 | D:7      | Reached ***** piety under Trog
  6158 | D:7      | Reached skill level 12 in Axes
  6308 | D:8      | Found a staircase to the Lair.
  6325 | D:8      | Reached skill level 13 in Axes
  6459 | D:8      | Noticed Prince Ribbit
  6469 | D:8      | Reached XP level 10. HP: 93/93 MP: 9/9
  6472 | D:8      | Killed Prince Ribbit
  6472 | D:8      | Received a gift from Trog
  6531 | D:8      | Reached skill level 10 in Fighting
  7106 | D:9      | Reached skill level 14 in Axes
  7224 | D:9      | Found a radiant altar of Vehumet.
  7644 | D:10     | Entered Level 10 of the Dungeon
  7768 | D:10     | Found Bexaxtag's Jewellery Shoppe.
  7776 | D:10     | Bought the ring of Furufiuc {+Fly Str+3 Dex+3} for 593 gold pieces
  7829 | D:10     | Received a gift from Trog
  7831 | D:10     | Reached XP level 11. HP: 102/102 MP: 10/10
  8097 | D:10     | Noticed a two-headed ogre
  8104 | D:10     | Killed a two-headed ogre
  8104 | D:10     | Reached skill level 15 in Axes
  8308 | D:10     | Got a crude plate armour
  8319 | D:10     | Identified the +8 plate armour of Beyond {rPois MR+} (You found it on level 10 of the Dungeon)
  8570 | D:10     | Noticed a centaur warrior
  8579 | D:10     | Killed a centaur warrior
  8619 | D:11     | Noticed a two-headed ogre
  8628 | D:11     | Killed a two-headed ogre
  8704 | D:11     | Noticed an orc sorcerer
  8726 | D:11     | Killed an orc sorcerer
  8809 | D:11     | Found a staircase to the Orcish Mines.
  9020 | D:11     | Reached skill level 10 in Armour
  9031 | D:11     | Noticed a centaur warrior
  9032 | D:11     | Noticed a centaur warrior
  9032 | D:11     | Noticed a deep elf archer
  9033 | D:11     | Noticed a centaur warrior
  9048 | D:11     | Killed a centaur warrior
  9048 | D:11     | Reached skill level 16 in Axes
  9050 | D:11     | Killed a centaur warrior
  9050 | D:11     | Killed a centaur warrior
  9051 | D:11     | Killed a deep elf archer
  9060 | D:11     | Reached XP level 12. HP: 94/113 MP: 11/11
  9320 | D:11     | Noticed a two-headed ogre
  9327 | D:11     | Killed a two-headed ogre
  9669 | D:11     | Noticed a two-headed ogre
  9673 | D:11     | Killed a two-headed ogre
  9789 | D:11     | Found an iron altar of Okawaru.
  9980 | D:11     | Identified a +0 pair of boots of running (You found it on level 11 of the Dungeon)
 10058 | D:12     | Found a flagged portal.
 10065 | Bailey   | Entered a bailey
 10283 | Bailey   | Got a scorched iron ring
 10325 | Bailey   | Identified the cursed ring "Miedoc" {rPois MR+ MP-9 AC-2} (You found it in a bailey)
 10341 | Bailey   | Reached skill level 17 in Axes
 10778 | D:12     | Noticed Gorice's ghost (journeyman KoAM)
 10799 | D:12     | Killed Gorice's ghost
 11053 | D:12     | Noticed a two-headed ogre
 11059 | D:12     | Killed a two-headed ogre
 11141 | D:12     | Found a shadowy altar of Dithmenos.
 11150 | D:12     | Found a hide-covered altar of Uskayaw.
 11283 | D:12     | Noticed Frances
 11293 | D:12     | Killed Frances
 11578 | Lair:1   | Entered Level 1 of the Lair of Beasts
 11594 | Lair:1   | Reached skill level 18 in Axes
 11875 | Lair:1   | Reached XP level 13. HP: 122/122 MP: 12/12
 12651 | Lair:1   | Received a gift from Trog
 12921 | Lair:2   | Found a hole to the Spider Nest.
 13115 | Lair:2   | Found a staircase to the Shoals.
 13507 | Lair:2   | Noticed Gastronok
 13517 | Lair:2   | Killed Gastronok
 13801 | Lair:3   | Got an iridescent morningstar
 13802 | Lair:3   | Identified the +7 morningstar of Disintegration {crush, MR+} (You found it on level 3 of the Lair of Beasts)
 14445 | Lair:3   | Gained mutation: You occasionally shout uncontrollably at your foes. [potion of mutation]
 14445 | Lair:3   | Gained mutation: Armour fits poorly on your strangely shaped body. [potion of mutation]
 14445 | Lair:3   | Gained mutation: You have sharp toenails. [potion of mutation]
 14601 | Lair:4   | Reached skill level 19 in Axes
 14796 | Lair:4   | Received a gift from Trog
 14844 | Lair:4   | Got a smoking battleaxe {god gift}
 14846 | Lair:4   | Identified the +1 battleaxe of Qizasa Heirgh {venom, +Blink Int+2} (Trog gifted it to you on level 4 of the Lair of Beasts)
 15317 | Lair:5   | Noticed Snorg
 15327 | Lair:5   | Killed Snorg
 16083 | Lair:5   | Reached XP level 14. HP: 133/133 MP: 13/13
 16857 | Orc:1    | Entered Level 1 of the Orcish Mines
 16857 | Orc:1    | Found a roughly hewn altar of Beogh.
 16860 | Orc:1    | Noticed Nergalle
 16877 | Orc:1    | Killed Nergalle
 17016 | Orc:2    | Entered Level 2 of the Orcish Mines
 17030 | Orc:2    | Reached skill level 15 in Fighting
 17043 | Orc:2    | Received a gift from Trog
 17149 | Orc:2    | Found a roughly hewn altar of Beogh.
 17293 | Orc:2    | Found a roughly hewn altar of Beogh.
 17405 | Orc:2    | Found a roughly hewn altar of Beogh.
 17406 | Orc:2    | Found Nidary's Book Shop.
 17414 | Orc:2    | Reached skill level 20 in Axes
 17423 | Orc:2    | Reached ****** piety under Trog
 17733 | Orc:2    | Found a roughly hewn altar of Beogh.
 17795 | Orc:2    | Found a staircase to the Elven Halls.
 17832 | Orc:2    | Noticed Saint Roka
 17832 | Orc:2    | Received a gift from Trog
 18263 | Orc:2    | Found a roughly hewn altar of Beogh.
 18274 | Orc:2    | Found a roughly hewn altar of Beogh.
 18275 | Orc:2    | Found Ramam's Gadget Boutique.
 18496 | Orc:2    | Found Qucof's Antique Armour Emporium.
 18504 | Orc:2    | Found a roughly hewn altar of Beogh.
 18522 | Orc:2    | Found Awnasi Ziew's Antique Weapon Shoppe.
 18577 | Orc:2    | Found a roughly hewn altar of Beogh.
 18952 | Lair:6   | Entered Level 6 of the Lair of Beasts
 19033 | Lair:6   | Upgraded the game from 0.20-a0-303-g575bbf7 to 0.20-a0-309-gcba9277
 19127 | Lair:5   | Reached skill level 1 in Throwing
 19529 | Lair:6   | Found a viscous altar of Jiyva.
 19530 | Lair:6   | Found a staircase to the Slime Pits.
 19552 | Lair:6   | Noticed Kirke
 19564 | Lair:6   | Killed Kirke
 19718 | Lair:6   | Received a gift from Trog
 20490 | Lair:6   | Received a gift from Trog
 20825 | Lair:6   | Found a burning altar of Makhleb.
 20831 | Lair:6   | Found a gateway to Hell.
 20910 | Lair:6   | Reached skill level 5 in Throwing
 21721 | D:13     | Reached XP level 15. HP: 143/143 MP: 4/14
 22730 | D:14     | Found a gate to the Vaults.
 22793 | D:14     | Reached skill level 15 in Armour
 22860 | D:14     | Received a gift from Trog
 22927 | D:14     | Noticed Nessos
 22938 | D:14     | Killed Nessos
 23468 | D:15     | Entered Level 15 of the Dungeon
 23501 | D:15     | Reached skill level 21 in Axes
 23842 | D:15     | Found a staircase to the Depths.
 24216 | D:15     | Received a gift from Trog
 24462 | D:15     | Got an ancient battleaxe {god gift}
 24463 | D:15     | Identified the +8 battleaxe of Rischoroff {drain, Int+5} (Trog gifted it to you on level 15 of the Dungeon)
 25020 | Spider:1 | Entered Level 1 of the Spider Nest
 25645 | Spider:1 | Reached XP level 16. HP: 133/154 MP: 5/15
 26453 | Spider:2 | Received a gift from Trog
 26692 | Spider:2 | Found a frozen archway.
 26705 | Spider:2 | Received a gift from Trog
 26976 | IceCv    | Entered an ice cave
 27049 | IceCv    | Received a gift from Trog
 27178 | IceCv    | Received a gift from Trog
 27508 | IceCv    | Reached skill level 10 in Throwing
 27685 | IceCv    | Annihilated by a four-headed hydra simulacrum

Vault maps used:
D:1:      tarquinn_simple_flora_water_c, minmay_misc_feat_hallway,
          hangedman_decor_riveting
D:2:      cheibrodos_greedy_goblins, uniq_jessica, uniq_terence
D:3:      nemelex_xobeh_ov_fountains_minmay
D:4:      first_bread, serial_shops, shop
D:5:      nicolae_ossuary_entry_monument, portal_sewer_entry_a,
          minmay_misc_feat_cross, lemuel_statue_altar
D:6:      kennysheep_housing_project
D:8:      minmay_flawed_box, minmay_lair_entry_grove, uniq_prince_ribbit1
D:9:      basic_altar
D:10:     serial_shops, shop
D:11:     evilmike_iron_armoury, zombieorc1_lemuel
D:12:     lab_entry_generic, basic_altar, serial_corexii_hall,
          corexii_hall_statues_l, corexii_hall_statues_l,
          corexii_hall_statues_t, enter_bailey_3, hangedman_pestilent_swarm,
          grunt_dithmenos_smoke_and_mirrors, uniq_frances
D:14:     nrook_guardian_serpent_snake_passage,
          hangedman_vaults_entry_quadrant_bands, hangedman_decor_points,
          uniq_nessos
D:15:     gammafunk_depths_entry_grave, minmay_misc_feat_secret_circle,
          bh_walls_and_bars
Lair:1:   special_room, serial_bayou_lagoon_a, minivault_11, grunt_megastairs_5
Lair:2:   elwin_shoals_entry_rocks, nicolae_spider_entry_non_spiders,
          uniq_gastronok
Lair:4:   special_room
Lair:5:   minmay_stone_trees_medium, uniq_snorg
Lair:6:   evil_forest, slime_altar_1, lemuel_fruit_tree, grunt_megastairs_4,
          infiniplex_staircase_pool_2, uniq_kirke
Spider:2: portal_ice_cave_entry_pillars_three, nicolae_spider_circle_web,
          spider_trap
Orc:1:    basic_altar, uniq_nergalle, uniq_erolcha
Orc:2:    grunt_orc_community_town_hall, grunt_orc_community_big_house_1,
          grunt_orc_community_big_house_1, grunt_orc_community_house_3,
          grunt_orc_community_house_3, grunt_orc_community_house_2,
          grunt_orc_community_house_2, grunt_orc_community_house_2,
          grunt_orc_community_house_1, basic_altar
Ossuary:  ossuary_crypta
Bailey:   bailey_polearm_1, bailey
IceCv:    ice_cave_caverns_01

Skill      XL: |  1  2  3  4  5  6  7  8  9 10 11 12 13 14 15 16 |
---------------+-------------------------------------------------+-----
Axes           | 4 5 6 7 8 9 11 13 14 16 18 19 20 21 | 21.4
Fighting       | 4 5 6 7 8 9 11 12 13 14 15 16 17 | 17.1
Armour         | 4 6 8 10 12 13 14 15 | 15.9
Throwing       | 5 9 10 | 10.1
Dodging        | |  2.1

Action                   |  1- 3 |  4- 6 |  7- 9 | 10-12 | 13-15 | 16-18 || total
-------------------------+-------+-------+-------+-------+-------+-------++-------
Melee: Hand axe          |    54 |   107 |   128 |   179 |       |       ||   468
       Headbutt          |     8 |    25 |    56 |   135 |   241 |    54 ||   519
       Broad axe         |       |    52 |   169 |       |       |       ||   221
       Battleaxe         |       |       |       |   329 |   344 |       ||   673
       Morningstar       |       |       |       |       |    59 |       ||    59
       Executioner's axe |       |       |       |       |   604 |   193 ||   797
Throw: Tomahawk          |       |       |       |       |     5 |     9 ||    14
Invok: Berserk           |     1 |     2 |     4 |     6 |    14 |       ||    27
       Burn Spellbooks   |       |       |       |       |     3 |       ||     3
 Abil: Evoke Flight      |       |       |       |     3 |       |       ||     3
Evoke: Wand              |       |       |       |       |     5 |       ||     5
  Use: Scroll            |     3 |       |     2 |     4 |    24 |     2 ||    35
       Potion            |       |       |       |       |     5 |       ||     5
  Eat: Chunk             |       |     7 |    15 |    25 |    46 |     5 ||    98
       Beef jerky        |       |       |     1 |       |       |       ||     1
       Fruit             |       |       |       |       |     9 |     2 ||    11
Armor: Ring mail         |    16 |       |       |       |       |       ||    16
       Animal skin       |     1 |       |       |       |       |       ||     1
       Scale mail        |     4 |    55 |   121 |    44 |       |       ||   224
       Plate armour      |       |       |       |   203 |   802 |   178 ||  1183
Dodge: Dodged            |    38 |    71 |    94 |   185 |   460 |    95 ||   943
